 Dungeon Crawl Stone Soup version 0.23-a0-554-gd3cbc8420a (webtiles) character file.

13461 Runnish the Geomancer (level 12, 0/70 HPs)
             Began as a Gargoyle Earth Elementalist on Dec 10, 2018.
             Was a Priest of Vehumet.
             Slain by a freezing wraith (8 damage)
             ... led by a death knight
             ... on level 12 of the Dungeon.
             The game lasted 00:32:29 (16107 turns).

Runnish the Geomancer (GrEE)                       Turns: 16107, Time: 00:32:30

Health: 0/70       AC: 20    Str: 12    XL:     12   Next: 6%
Magic:  13/24      EV: 20    Int: 21    God:    Vehumet [***...]
Gold:   516        SH:  0    Dex: 10    Spells: 18/27 levels left

rFire    + . .     SeeInvis .   n - +4 flail (protect)
rCold    + . .     Gourm    +   (no shield)
rNeg     + . .     Faith    .   L - +2 robe {rC+ rF+}
rPois    ∞         Spirit   .   p - +1 helmet
rElec    +         Reflect  .   w - +2 cloak
rCorr    .         Harm     .   (no gloves)
MR       .....                  y - +0 pair of boots
Stlth    ++........             g - amulet of the gourmand
HPRegen  0.21/turn              C - +6 ring of evasion
MPRegen  0.19/turn              (no ring)

@: slowed, very slow
A: negative energy resistance 1, electricity resistance, unbreathing,
petrification resistance, rot immunity, AC +8
a: Renounce Religion


You were on level 12 of the Dungeon.
You worshipped Vehumet.
Vehumet was most pleased with you.
You were very full.

You visited 2 branches of the dungeon, and saw 13 of its levels.
You also visited: Sewer.

You collected 670 gold pieces.
You spent 154 gold pieces at shops.

Inventory:

Hand Weapons
 n - a +4 flail of protection (weapon)
Missiles
 b - 249 stones (quivered)
 x - 8 poisoned javelins
Armour
 p - a +1 helmet (worn)
 w - a +2 cloak (worn)
 y - a +0 pair of boots (worn)
 L - a +2 robe of resistance (worn)
Jewellery
 g - an amulet of the gourmand (around neck)
 A - an uncursed ring of ice
 C - a +6 ring of evasion (left hand)
 H - an uncursed ring of fire
Wands
 z - a wand of random effects (40)
 E - a wand of iceblast (7)
 F - a wand of paralysis (9)
 J - a wand of polymorph (17)
Scrolls
 h - 5 scrolls of remove curse
 k - 2 scrolls of immolation
 l - a scroll of fear
 m - a scroll of amnesia
 s - 8 scrolls of teleportation
 u - a scroll of magic mapping
 D - 5 scrolls of identify
 G - 2 scrolls of blinking
 I - a scroll of fog
Potions
 a - 2 potions of haste
 e - 9 potions of curing
 f - a potion of heal wounds
 i - 2 potions of agility
 j - 5 potions of cancellation
 o - 2 potions of might
 q - 3 potions of brilliance
 r - a potion of lignification
 t - 2 potions of magic
 v - 3 potions of ambrosia
 B - a potion of berserk rage
Comestibles
 d - 20 rations


   Skills:
 + Level 6.0 Fighting
 + Level 5.3 Maces & Flails
 - Level 6.0 Armour
 + Level 4.9 Dodging
 - Level 2.1 Stealth
 + Level 8.0 Spellcasting
 + Level 8.9 Conjurations
   Level 0.7 Transmutations
 + Level 10.7 Earth Magic
 + Level 4.9 Evocations


You had 18 spell levels left.
You knew the following spells:

 Your Spells              Type           Power        Failure   Level  Hunger
a - Sandblast             Erth           ######       1%          1    None
b - Stone Arrow           Conj/Erth      #####.       1%          3    None
c - Lee's Rapid Deconstr  Erth           ######....   1%          5    #####..

Your spell library contained the following spells:

 Spells                   Type           Power        Failure   Level  Hunger
 Force Lance              Conj/Tloc      ####....     3%          4    ###....
 Passwall                 Tmut/Erth      ####....     1%          2    None
 Conjure Flame            Conj/Fire      ####....     1%          3    None
 Dazzling Spray           Conj/Hex       ####..       1%          3    None
 Mephitic Cloud           Conj/Pois/Air  ###.....     1%          3    None
 Freeze                   Ice            #...         2%          1    None
 Corona                   Hex            #......      8%          1    None
 Infusion                 Chrm           #...         8%          1    None
 Petrify                  Tmut/Erth      ####....     8%          4    ###....
 Iskenderun's Battlesphe  Conj/Chrm      ####....     10%         5    #####..
 Ensorcelled Hibernation  Hex/Ice        #.....       12%         2    None
 Poisonous Vapours        Pois/Air       #.....       12%         2    None
 Shroud of Golubria       Chrm/Tloc      #.........   12%         2    None
 Confuse                  Hex            #.......     24%         3    None
 Tukima's Dance           Hex            #.......     24%         3    None
 Freezing Cloud           Conj/Ice/Air   ###.......   63%         6    ######.
 Ring of Flames           Chrm/Fire      #.........   100%        7    #######


Dungeon Overview and Level Annotations

Branches:
Dungeon (12/15)            Temple (1/1) D:7            Lair (0/6) D:9
    Orc: D:9-12

Altars:
Ashenzari
Cheibriados
Dithmenos
Elyvilon
Fedhas
Gozag
Hepliaklqana
Kikubaaqudgha
Makhleb
Nemelex Xobeh
Okawaru
Qazlal
Ru
Sif Muna
Trog
Uskayaw
Vehumet
Wu Jian
Xom
Yredelemnul
Zin
The Shining One

Shops:
D:4 (   D:8 *   D:9 *   D:11 =*


Innate Abilities, Weirdness & Mutations

You are resistant to torment.
Your stone body is resilient. (AC +8)
You are immune to poison.
You resist negative energy. (rN+)
You are resistant to electric shocks. (rElec)
You can survive without breathing.
You are immune to petrification.
You are immune to rotting.


Message History

The blast of sand hits the freezing wraith.
The freezing wraith is heavily damaged.
b - 250 stones The freezing wraith hits you!
The freezing wraith freezes you! You resist.
* * * LOW HITPOINT WARNING * * *
The freezing wraith hits you but does no damage.
The ogre hits you but does no damage.
Casting: Sandblast (safe; 1% risk of failure)
Confirm with . or Enter, or press ? or * to list all spells.
Aiming: Sandblast (safe; 1% risk of failure)
Press: ? - help, Shift-Dir - straight line, f/p - freezing wraith
Aim: a freezing wraith (heavily damaged)
The blast of sand hits the freezing wraith.
The freezing wraith is heavily damaged.
b - 249 stones The freezing wraith barely misses you. x2
The ogre hits you but does no damage. The freezing wraith hits you!
* * * LOW HITPOINT WARNING * * *
The freezing wraith freezes you! You resist.
You die...

... #..... ....
###.. ..
....##......# #
.......$. ..#..
.............
....#......
#))......#
#W@$......
......O........
...............
...............
.........##....
.........# #...
.......... ...
.......... .#


You could see a freezing wraith and an ogre.

Vanquished Creatures
  Josephine (D:11)
  A death knight (D:11)
  Erica (D:9)
  3 two-headed ogres
  A phantasmal warrior (D:11)
  A cyclops (D:11)
  2 trolls
  Prince Ribbit (D:9)
  2 wyverns
  3 yaks (D:9)
  A spriggan (D:8)
  4 wraiths (D:11)
  A hungry ghost (D:9)
  An acid dragon (D:11)
  3 water moccasins
  5 ice beasts
  3 porcupines (D:9)
  4 sky beasts
  3 orc warriors
  2 black bears (D:9)
  A necrophage (D:9)
  4 ogres
  4 centaurs
  2 crocodiles (D:9)
  A big kobold (D:10)
  7 bullfrogs
  A wyvern zombie (D:12)
  A water moccasin skeleton (D:5)
  5 scorpions
  3 killer bees (D:11)
  9 crimson imps
  2 howler monkeys
  A quasit (D:11)
  A centaur zombie (D:9)
  A bullfrog zombie (D:5)
  7 hounds
  A bullfrog skeleton (D:5)
  4 orc priests
  Crazy Yiuf (D:2)
  5 centaur skeletons
  Natasha (twice) (D:2)
  4 iguanas
  8 orc wizards
  7 worker ants
  2 hound zombies
  A howler monkey zombie (D:7)
  3 gnolls (D:8)
  29 adders
  3 shadow imps
  A white imp (D:6)
  An ooze (D:1)
  An adder skeleton (D:6)
  2 adder zombies
  2 dart slugs
  2 worms
  5 leopard geckos
  30 orcs
  4 giant cockroaches
  8 hobgoblins
  16 jackals
  26 kobolds
  4 quokkas
  5 ball pythons
  13 bats
  8 frilled lizards
  A giant cockroach zombie (D:5)
  10 goblins
  A jackal skeleton (D:3)
  14 rats
  2 plants (Sewer)
319 creatures vanquished.

Vanquished Creatures (others)
  4 fungi (D:9)
  A plant (D:1)
5 creatures vanquished.

Grand Total: 324 creatures vanquished

Notes
Turn   | Place    | Note
-------+----------+-------------------------------------------
     0 | D:1      | Runnish the Gargoyle Earth Elementalist began the quest for
                  | the Orb.
     0 | D:1      | Reached XP level 1. HP: 10/10 MP: 3/3
   340 | D:1      | Reached XP level 2. HP: 15/15 MP: 0/5
   443 | D:1      | Reached skill level 4 in Earth Magic
   827 | D:1      | You fall through a shaft!
   982 | D:2      | Reached XP level 3. HP: 19/19 MP: 6/6
   987 | D:2      | Learned a level 3 spell: Stone Arrow
  1236 | D:2      | Found a white marble altar of Elyvilon.
  1346 | D:2      | Found a runed door.
  1350 | D:2      | Noticed Crazy Yiuf
  1354 | D:2      | Killed Crazy Yiuf
  1354 | D:2      | Reached skill level 1 in Conjurations
  1354 | D:2      | Reached XP level 4. HP: 21/24 MP: 3/8
  1741 | D:2      | Noticed Natasha
  1752 | D:2      | Killed Natasha
  1752 | D:2      | Reached skill level 5 in Earth Magic
  1752 | D:2      | Reached XP level 5. HP: 25/28 MP: 6/10
  1954 | D:2      | Found a bloodstained altar of Trog.
  1954 | D:2      | Found a glowing silver altar of Zin.
  2042 | D:2      | Noticed Natasha
  2048 | D:2      | Killed Natasha
  2191 | D:1      | Learned a level 5 spell: Lee's Rapid Deconstruction
  3284 | D:3      | Reached XP level 6. HP: 30/32 MP: 8/11
  4364 | D:3      | You fall through a shaft for 2 floors!
  4364 | D:5      | Entered Level 5 of the Dungeon
  4364 | D:5      | Found a basalt altar of Yredelemnul.
  4415 | D:5      | Found a glowing drain.
  4419 | Sewer    | Entered a sewer
  5175 | Sewer    | Reached skill level 6 in Earth Magic
  6151 | D:5      | Reached XP level 7. HP: 32/36 MP: 9/13
  6448 | D:4      | Found Nearoagg's Weapon Shoppe.
  6555 | D:4      | Found a blossoming altar of Fedhas.
  7706 | D:5      | Reached skill level 7 in Earth Magic
  7797 | D:5      | Reached skill level 5 in Spellcasting
  7907 | D:5      | Reached skill level 5 in Conjurations
  7907 | D:5      | Reached XP level 8. HP: 15/41 MP: 4/15
  9089 | D:6      | Reached skill level 8 in Earth Magic
  9816 | D:7      | Found a staircase to the Ecumenical Temple.
  9827 | Temple   | Entered the Ecumenical Temple
  9837 | Temple   | Became a worshipper of Vehumet
  9870 | D:7      | Reached XP level 9. HP: 46/46 MP: 7/18
  9886 | D:7      | Reached skill level 1 in Fighting
  9959 | D:7      | Reached skill level 1 in Armour
  9961 | D:7      | Reached skill level 1 in Maces & Flails
 10027 | D:7      | Reached skill level 1 in Evocations
 10031 | D:7      | Found a shimmering altar of Xom.
 10849 | D:8      | Got a transparent steel ring
 10850 | D:8      | Identified the cursed ring "Wuden" {rElec AC-2} (You found
                  | it on level 8 of the Dungeon)
 11289 | D:8      | Found Asuwelei's Serpentskin Sales.
 11301 | D:8      | Reached * piety under Vehumet
 11301 | D:8      | Offered knowledge of Shock by Vehumet.
 11312 | D:8      | Reached skill level 9 in Earth Magic
 12112 | D:9      | Noticed Prince Ribbit
 12112 | D:9      | Noticed a two-headed ogre
 12119 | D:9      | Killed a two-headed ogre
 12119 | D:9      | Reached XP level 10. HP: 43/56 MP: 8/20
 12123 | D:9      | Killed Prince Ribbit
 12327 | D:9      | Found Karhoss's General Store.
 12330 | D:9      | Bought a potion of heal wounds for 70 gold pieces
 12330 | D:9      | Bought a scroll of identify for 28 gold pieces
 12330 | D:9      | Bought a scroll of identify for 28 gold pieces
 12330 | D:9      | Bought a scroll of identify for 28 gold pieces
 12360 | D:9      | Noticed Erica
 12365 | D:9      | Killed Erica
 12814 | D:9      | Found a staircase to the Lair.
 12828 | D:9      | Reached ** piety under Vehumet
 12862 | D:9      | Offered knowledge of Searing Ray by Vehumet.
 12982 | D:9      | Reached XP level 11. HP: 62/62 MP: 21/21
 13010 | D:9      | Reached skill level 10 in Earth Magic
 13135 | D:9      | Found a burning altar of Makhleb.
 13411 | D:10     | Entered Level 10 of the Dungeon
 13445 | D:10     | Noticed a two-headed ogre
 13491 | D:10     | Killed a two-headed ogre
 13491 | D:10     | Reached skill level 5 in Armour
 13990 | D:10     | Offered knowledge of Inner Flame by Vehumet.
 14080 | D:10     | Reached skill level 5 in Fighting
 14454 | D:11     | Found Mahiomn's Mayhem Merchandise.
 14473 | D:11     | Identified Wople's Collected Works on the Boosting
                  | Frostbite
 14520 | D:11     | Noticed a two-headed ogre
 14527 | D:11     | Killed a two-headed ogre
 14527 | D:11     | Reached *** piety under Vehumet
 14833 | D:11     | Noticed a cyclops
 14841 | D:11     | Killed a cyclops
 15030 | D:11     | Found Hiebb's Jewellery Shop.
 15082 | D:11     | Offered knowledge of Force Lance by Vehumet.
 15261 | D:11     | Noticed Josephine
 15272 | D:11     | Killed Josephine
 15602 | D:12     | Reached skill level 5 in Maces & Flails
 15607 | D:12     | Noticed a death knight
 15610 | D:12     | Noticed a phantasmal warrior
 15645 | D:11     | Killed a death knight
 15858 | D:11     | HP: 2/64 [phantasmal warrior[a death knight] (10)]
 15868 | D:11     | Killed a phantasmal warrior
 15868 | D:11     | Reached XP level 12. HP: 46/69 MP: 16/24
 16107 | D:12     | Slain by a freezing wraith

Vault maps used:
D:1:      psy_arrival_dodecagon, lexackson_kobold_supper
D:2:      amethyst_overflow_temple_binary, elyvilon_altar_3,
          uniq_crazy_yiuf_cottage, uniq_natasha
D:3:      minmay_recursive_quarters, minmay_vboxes
D:4:      serial_shops, shop, fedhas_altar_2
D:5:      first_ration, gup_sewer_entry_bowl, yredelemnul_altar_generic
D:6:      minmay_fire_ice_demons
D:7:      xom_confusion_cloud, minmay_temple_entry_glassed_door
D:8:      the_bakery, guppyfry_shop_venom
D:9:      kennysheep_little_box, due_lair_maze_entry_diamond, serial_shops,
          kennysheep_mini_moat, uniq_prince_ribbit1, uniq_erica
D:11:     serial_shops, shop, minmay_shop_mayhem, uniq_josephine
D:12:     orc_0_dummy
Temple:   nicolae_temple_no_exploring_needed
Sewer:    sewer_co_scattered_pipes

Skill      XL: |  1  2  3  4  5  6  7  8  9 10 11 12 |
---------------+-------------------------------------+-----
Earth Magic    | 4 5 6 7 8 9 10 | 10.7
Spellcasting   | 3 4 5 6 7 8 |  8.0
Conjurations   | 1 2 3 5 6 7 8 |  8.9
Fighting       | 3 4 5 6 |  6.0
Armour         | 3 4 6 |  6.0
Dodging        | 3 4 |  4.9
Maces & Flails | 2 4 5 |  5.3
Evocations     | 2 3 4 |  4.9
Stealth        | |  2.1
Transmutations | |  0.7

Action                   |  1- 3 |  4- 6 |  7- 9 | 10-12 || total
-------------------------+-------+-------+-------+-------++-------
Melee: Unarmed           |    46 |       |       |       ||    46
       Dagger            |    47 |       |       |       ||    47
       Mace              |       |   677 |    49 |       ||   726
       Flail             |       |       |   260 |   145 ||   405
 Cast: Sandblast         |    22 |    31 |    49 |   147 ||   249
       Lee's Rapid Decon |       |       |    19 |    17 ||    36
       Stone Arrow       |       |       |     3 |    16 ||    19
  Use: Scroll            |     1 |     9 |    10 |     6 ||    26
       Potion            |       |       |       |     6 ||     6
 Stab: Sleeping          |     3 |     6 |     3 |     2 ||    14
  Eat: Chunk             |     2 |    15 |    34 |    19 ||    70
       Ration            |       |     1 |       |       ||     1
Armor: Robe              |    42 |   278 |   165 |   133 ||   618
Dodge: Dodged            |    76 |   458 |   315 |   398 ||  1247

Table legend:
 A = Non-vault XP
 B = Vault XP
 C = Vault XP percentage of total XP
 D = Non-vault monster count
 E = Vault monster count
 F = Vault count percentage of total count
                 A         B        C        D         E       F
            +---------+---------+-------+---------+---------+-------
      Total |   14017 |    5213 |  27.1 |     244 |      73 |  23.0
            +---------+---------+-------+---------+---------+-------
        D:1 |      41 |      12 |  22.6 |      26 |       8 |  23.5
        D:2 |     144 |      76 |  34.5 |      28 |       2 |   6.7
        D:3 |     120 |      45 |  27.3 |      25 |      13 |  34.2
        D:4 |     164 |       0 |   0.0 |       7 |       0 |   0.0
        D:5 |     782 |       5 |   0.6 |      25 |       1 |   3.8
        D:6 |     713 |      60 |   7.8 |      19 |       2 |   9.5
        D:7 |     698 |     136 |  16.3 |      13 |       2 |  13.3
        D:8 |     918 |     567 |  38.2 |      18 |       7 |  28.0
        D:9 |    2660 |    2520 |  48.6 |      20 |      12 |  37.5
       D:10 |    2172 |       0 |   0.0 |      25 |       0 |   0.0
       D:11 |    4411 |    1709 |  27.9 |      31 |       4 |  11.4
       D:12 |    1194 |       0 |   0.0 |       7 |       0 |   0.0
      Sewer |       0 |      83 | 100.0 |       0 |      22 | 100.0
            +---------+---------+-------+---------+---------+-------
